[Event "Team 45 45 League T100"]
[Site "Internet Chess Club"]
[Date "2024.06.07"]
[Round "4"]
[White "Lawkeito"]
[Black "cysk"]
[Result "1/2-1/2"]
[WhiteElo "1673"]
[BlackElo "1649"]
[Opening "Dutch"]
[ECO "A80"]
[Time "19:16:38"]
[PlyCount "94"]
[TimeControl "2700+45"]

1. d4 f5 2. Nf3 Nf6 3. g3 e6 4. Bg2 d5 5. O-O Bd6 6. c4 c6 7. b3 Qe7 8. Bb2 O-O
9. Qc1 Nbd7 10. Ba3 Bxa3 11. Qxa3 Qxa3 12. Nxa3 Ne4 13. Rac1 Ndf6 14. Ne5 Nd7
15. Nd3 b6 16. Rfd1 Bb7 17. Rc2 Rab8 18. b4 a6 19. Nb1 b5 20. cxd5 cxd5 21. Bxe4
fxe4 22. Nc5 Nxc5 23. Rxc5 Rbc8 24. Rdc1 Rxc5 25. Rxc5 Rc8 26. Rxc8+ Bxc8 27.
Nd2 Bd7 28. Nb3 Kf7 29. Nc5 Bc8 30. e3 Kf6 31. Kg2 e5 32. dxe5+ Kxe5 33. Nb3 g5
34. f4+ exf3+ 35. Kxf3 g4+ 36. Ke2 Ke4 37. Nc5+ Ke5 38. Kd2 d4 39. e4 Be6 40. a3
Bc8 41. Kd3 h6 42. Nb3 Bb7 43. Nc5 Bc8 44. Kd2 Kd6 45. Ke2 Ke5 46. Kd3 h5 47.
Ke2 Be6 {Game drawn by mutual agreement} 1/2-1/2

[Event "Team 45 45 League T100"]
[Site "Internet Chess Club"]
[Date "2024.06.09"]
[Round "4"]
[White "WillC"]
[Black "Megasus"]
[Result "0-1"]
[WhiteElo "1533"]
[BlackElo "1585"]
[Opening "Queen's pawn game"]
[ECO "A46"]
[Time "19:34:24"]
[PlyCount "78"]
[TimeControl "2700+45"]

1. d4 Nf6 2. Nf3 c6 3. b3 e6 4. e3 Ne4 5. Bd3 Bb4+ 6. Nfd2 Nc3 7. Nxc3 Bxc3 8.
Rb1 Qa5 9. a3 d5 10. b4 Qc7 11. O-O Bxd2 12. Bxd2 Nd7 13. c4 Nf6 14. Rc1 Qd6 15.
f4 h5 16. Qf3 Bd7 17. Qg3 Ke7 18. b5 Qxa3 19. Rc3 Qd6 20. Bc1 cxb5 21. cxb5 h4
22. Qf2 Qb6 23. Ba3+ Ke8 24. Bc5 Qd8 25. f5 b6 26. Bd6 Rc8 27. Rxc8 Qxc8 28.
fxe6 Bxe6 29. Qf4 Qc3 30. Bf5 Bxf5 31. Qxf5 Qxe3+ 32. Kh1 Qe6 33. Qf4 h3 34. Qg3
hxg2+ 35. Kxg2 Ne4 36. Qf4 Nxd6 37. Rf3 Qg6+ 38. Kh1 Qb1+ 39. Rf1 Qe4+ {White
resigns} 0-1

[Event "Team 45 45 League T100"]
[Site "Internet Chess Club"]
[Date "2024.06.09"]
[Round "4"]
[White "fvafier"]
[Black "ChessMaine"]
[Result "1-0"]
[WhiteElo "1426"]
[BlackElo "1474"]
[Opening "French: advance, Milner-Barry gambit"]
[ECO "C02"]
[Time "18:01:05"]
[PlyCount "109"]
[TimeControl "2700+45"]

1. e4 e6 2. d4 d5 3. e5 c5 4. c3 Qb6 5. Nf3 Nc6 6. Bd3 cxd4 7. cxd4 Bd7 8. O-O
Nxd4 9. Nxd4 Qxd4 10. Nc3 a6 11. Re1 Qa7 12. Bd2 Bc5 13. Qe2 Ne7 14. Rac1 O-O
15. Nd1 Ng6 16. Bb1 Bb5 17. Qh5 b6 18. b4 Be7 19. a3 Rac8 20. Nc3 Bc4 21. Re3
Bh4 22. Rh3 Qe7 23. g3 f5 24. gxh4 Nxe5 25. Bg5 Qb7 26. Re1 Qc7 27. Bf4 Qf7 28.
Qxf7+ Nxf7 29. Rxe6 d4 30. Rxb6 dxc3 31. Rxc3 h6 32. Bxf5 Be6 33. Rxc8 Bxc8 34.
Bxc8 Rxc8 35. Rxa6 Rc4 36. Bg3 Rc1+ 37. Kg2 Rb1 38. Kf3 Kf8 39. Ke4 Rd1 40. b5
Nd8 41. b6 Nb7 42. Ke5 Rd7 43. f4 Ke7 44. h5 Nc5 45. Ra7 Nb7 46. Bh4+ Ke8 47. a4
Nc5 48. a5 Nb7 49. Ra8+ Kf7 50. a6 Nc5 51. Ra7 Nd3+ 52. Ke4 Nc5+ 53. Ke3 Nxa6
54. Rxd7+ Ke6 55. Rxg7 {Black resigns} 1-0

[Event "Team 45 45 League T100"]
[Site "Internet Chess Club"]
[Date "2024.06.07"]
[Round "4"]
[White "fishhead"]
[Black "VictorRed"]
[Result "1-0"]
[WhiteElo "2033"]
[BlackElo "1712"]
[Opening "Sicilian"]
[ECO "B54"]
[Time "20:00:34"]
[PlyCount "51"]
[TimeControl "2700+45"]

1. e4 c5 2. Nf3 d6 3. d4 cxd4 4. Nxd4 Bd7 5. Bc4 Nf6 6. Nc3 Nc6 7. O-O Qb6 8.
Nf5 Bxf5 9. exf5 Qc5 10. Bd3 Ne5 11. Bb5+ Nfd7 12. Be3 Qc7 13. Nd5 Qd8 14. a4 a6
15. Be2 Nf6 16. Bb6 Qc8 17. Nc7+ Kd7 18. Nxa8 Qxa8 19. f4 Nc6 20. g4 Qe8 21. g5
Ng8 22. Bg4 Kc8 23. Qd5 Kb8 24. Rfe1 Qd7 25. c3 g6 26. Qxf7 {Black resigns} 1-0

[Event "Team 45 45 League T100"]
[Site "Internet Chess Club"]
[Date "2024.06.07"]
[Round "4"]
[White "Portola"]
[Black "ElValero"]
[Result "1-0"]
[WhiteElo "1682"]
[BlackElo "1649"]
[Opening "King's Indian: East Indian defense"]
[ECO "A48"]
[Time "11:30:17"]
[PlyCount "112"]
[TimeControl "2700+45"]

1. d4 Nf6 2. Nf3 g6 3. c3 Bg7 4. Bg5 O-O 5. Nbd2 d5 6. e3 b6 7. Qc2 Bf5 8. Bd3
Bxd3 9. Qxd3 h6 10. Bf4 Nh5 11. Bg3 Nxg3 12. hxg3 Nd7 13. O-O e6 14. Rfe1 f5 15.
c4 c6 16. cxd5 exd5 17. Rec1 Qf6 18. Rc2 Qd6 19. Rac1 Rac8 20. Nb3 g5 21. Qa6
Rc7 22. a4 Nb8 23. Qd3 Re7 24. a5 f4 25. exf4 gxf4 26. gxf4 Qxf4 27. axb6 axb6
28. Nbd2 Ref7 29. Nf1 h5 30. Qg6 h4 31. Ng5 Qf5 32. Qxf5 Rxf5 33. Ne6 R8f6 34.
Re1 Bh6 35. Nc7 Bf4 36. Ne6 Bd6 37. Rce2 c5 38. Ne3 Rh5 39. dxc5 bxc5 40. Nf1
Nc6 41. Nh2 Ne5 42. Nd8 Nd3 43. Rd1 c4 44. Ng4 Rf4 45. f3 h3 46. Ra1 Bc5+ 47.
Kh2 hxg2+ 48. Kxg2 Rf8 49. Ne6 Re8 50. Nf6+ Kf7 51. Nxe8 Rh8 52. N8g7 Rh6 53.
Ra8 Rg6+ 54. Kh3 Rh6+ 55. Kg4 Kf6 56. Nh5+ Kg6 {Black resigns} 1-0

[Event "Team 45 45 League T100"]
[Site "Internet Chess Club"]
[Date "2024.06.11"]
[Round "4"]
[White "fireball"]
[Black "kabindra"]
[Result "1-0"]
[WhiteElo "1523"]
[BlackElo "1701"]
[Opening "Sicilian: Smith-Morra gambit"]
[ECO "B21"]
[Time "15:02:24"]
[PlyCount "73"]
[TimeControl "2700+45"]

1. e4 c5 2. d4 cxd4 3. c3 dxc3 4. Nxc3 e6 5. Nf3 Nc6 6. Bc4 Nf6 7. e5 Ng4 8. Bf4
Qb6 9. Qe2 Nd4 10. Nxd4 Qxd4 11. Bg3 Bb4 12. O-O Nh6 13. Rad1 Qb6 14. Qd3 Nf5
15. Bf4 Bxc3 16. Qxc3 O-O 17. Bb3 Ne7 18. Be3 Qc6 19. Qd3 b6 20. Bc2 Ng6 21. f4
Bb7 22. Rf2 Rad8 23. h4 Qd5 24. Qe2 Qxa2 25. b3 Qa6 26. Qg4 f5 27. exf6 Rxf6 28.
h5 Ne7 29. Bd4 Rf7 30. h6 g6 31. Qg5 Qa5 32. Be5 Nc6 33. Bxg6 hxg6 34. Qxg6+ Kf8
35. h7 Nxe5 36. h8=Q+ Ke7 37. Qg5+ {Black resigns} 1-0

[Event "Team 45 45 League T100"]
[Site "Internet Chess Club"]
[Date "2024.06.06"]
[Round "4"]
[White "burlap"]
[Black "mongmong"]
[Result "1-0"]
[WhiteElo "1491"]
[BlackElo "1470"]
[Opening "Benko's opening"]
[ECO "A00"]
[Time "20:00:49"]
[PlyCount "53"]
[TimeControl "2700+45"]

1. g3 e6 2. Bg2 c5 3. Nf3 Nc6 4. O-O g6 5. d4 cxd4 6. Nxd4 Nxd4 7. Qxd4 Qf6 8.
Qxf6 Nxf6 9. Nc3 a6 10. Ne4 Nxe4 11. Bxe4 Bg7 12. Re1 d5 13. Bg2 O-O 14. e4 dxe4
15. Bxe4 e5 16. Be3 Bf6 17. Rad1 Be7 18. Bb6 Be6 19. Bd5 Bxd5 20. Rxd5 Rac8 21.
Rexe5 Bf6 22. Re2 Bxb2 23. Rd7 Rc6 24. Rxb7 Rfc8 25. Ree7 Rf6 26. Be3 Rxc2 27.
Bh6 {Black resigns} 1-0

[Event "Team 45 45 League T100"]
[Site "Internet Chess Club"]
[Date "2024.06.07"]
[Round "4"]
[White "zugknightly"]
[Black "room-matt"]
[Result "1/2-1/2"]
[WhiteElo "1846"]
[BlackElo "1819"]
[Opening "English opening"]
[ECO "A20"]
[Time "14:30:54"]
[PlyCount "55"]
[TimeControl "2700+45"]

1. c4 e5 2. g3 f5 3. Bg2 Nf6 4. d4 exd4 5. Qxd4 Bb4+ 6. Bd2 Nc6 7. Qe3+ Be7 8.
Nc3 O-O 9. Nd5 Ng4 10. Nxe7+ Nxe7 11. Qb3 Rb8 12. Nf3 b6 13. O-O Bb7 14. h3 Nf6
15. Nd4 Bxg2 16. Kxg2 Ng6 17. Rad1 Qe8 18. e3 Ne4 19. Nb5 Nc5 20. Qc2 c6 21. Nc3
Qf7 22. Ne2 Ne5 23. b3 d6 24. Bb4 a5 25. Bxc5 dxc5 26. Nf4 Rbd8 27. Nd3 Ng6 28.
Nf4 {Game drawn by mutual agreement} 1/2-1/2

[Event "Team 45 45 League T100"]
[Site "Internet Chess Club"]
[Date "2024.06.09"]
[Round "4"]
[White "Beetlejuice"]
[Black "Lawkeito"]
[Result "0-1"]
[WhiteElo "1710"]
[BlackElo "1692"]
[Opening "English: Bremen, Smyslov system"]
[ECO "A22"]
[Time "14:02:28"]
[PlyCount "88"]
[TimeControl "2700+45"]

1. c4 e5 2. Nc3 Nf6 3. g3 Bb4 4. e4 O-O 5. Nge2 a6 6. Bg2 Nc6 7. a3 Bxc3 8. Nxc3
Nd4 9. h3 Rb8 10. O-O b5 11. d3 bxc4 12. dxc4 Nb3 13. Rb1 d6 14. Bg5 h6 15. Be3
Be6 16. Nd5 Nd7 17. Qc2 a5 18. Rfd1 c6 19. Nb4 Nd4 20. Bxd4 axb4 21. Be3 bxa3
22. Rxd6 Qc7 23. Rd3 Rxb2 24. Rxb2 axb2 25. Qxb2 Bxc4 26. Rc3 Be6 27. Qc2 Rc8
28. Bf1 c5 29. Kg2 c4 30. Be2 Qc6 31. Kh2 Nf6 32. f3 Ne8 33. Bc1 Nd6 34. Ra3 Nb5
35. Ra2 Nd4 36. Qc3 Rb8 37. Be3 Nxe2 38. Rxe2 Rb3 39. Qc2 c3 40. Bc1 Qb5 41. Kg2
Bc4 42. Re1 Bd3 43. Qa2 Rb2+ 44. Bxb2 Qxb2+ {White resigns} 0-1

[Event "Team 45 45 League T100"]
[Site "Internet Chess Club"]
[Date "2024.06.10"]
[Round "4"]
[White "VictorRed"]
[Black "bobhill"]
[Result "1-0"]
[WhiteElo "1737"]
[BlackElo "1896"]
[Opening "Queen's pawn game, Darooha variation "]
[ECO "D02"]
[Time "21:00:31"]
[PlyCount "117"]
[TimeControl "2700+45"]

1. d4 d5 2. Nf3 Nf6 3. Nc3 Bg4 4. e3 e6 5. Be2 c6 6. O-O Bd6 7. Ne5 Bxe2 8. Qxe2
Nbd7 9. f4 O-O 10. a3 Ne8 11. Nd1 f6 12. Nxd7 Qxd7 13. c4 f5 14. c5 Bc7 15. Nf2
Nf6 16. h3 g6 17. Bd2 Nh5 18. Kh2 Qg7 19. g4 Nf6 20. Kg2 Kh8 21. Rh1 g5 22. fxg5
Qxg5 23. e4 f4 24. Kf3 Nh5 25. h4 Qg7 26. Qd3 Ng3 27. Rh3 h5 28. g5 Rf7 29. e5
Raf8 30. Kg2 Rf5 31. Qf3 Qg6 32. Kh2 b6 33. b4 R5f7 34. Rc1 b5 35. Kg2 Ne4 36.
Be1 Bd8 37. Kh2 Rh7 38. Qd3 Qf5 39. Rf3 Rg7 40. Nh3 Qg4 41. Rc2 Ng3 42. Bxg3
fxg3+ 43. Rxg3 Qxh4 44. g6 Rf4 45. Rd2 Rg4 46. Qf3 Be7 47. Rd3 R7xg6 48. Qg2
Rxg3 49. Rxg3 Rxg3 50. Qxg3 Qxd4 51. Nf4 Bd8 52. Nxe6 Qh4+ 53. Qxh4 Bxh4 54. Nd4
Kg7 55. Nxc6 Kf7 56. Nxa7 Ke6 57. c6 Bg5 58. c7 Bf4+ 59. Kg2 {Black resigns} 1-0

[Event "Team 45 45 League T100"]
[Site "Internet Chess Club"]
[Date "2024.06.09"]
[Round "4"]
[White "fileman"]
[Black "primerpaso"]
[Result "1/2-1/2"]
[WhiteElo "1730"]
[BlackElo "1805"]
[Opening "Sicilian: Smith-Morra gambit"]
[ECO "B21"]
[Time "14:06:45"]
[PlyCount "137"]
[TimeControl "2700+45"]

1. e4 c5 2. d4 cxd4 3. Qxd4 Nc6 4. Qd1 g6 5. f4 Bg7 6. Nf3 Nf6 7. Bd3 O-O 8. c3
d5 9. e5 Ng4 10. h3 Nh6 11. O-O Bf5 12. Kh2 Bxd3 13. Qxd3 e6 14. Nbd2 Qc7 15.
Nb3 a6 16. g4 Rad8 17. Nbd4 Nxd4 18. Nxd4 Kh8 19. a4 Ng8 20. g5 Ne7 21. h4 Nc6
22. Bd2 Nxd4 23. cxd4 Qc4 24. Qxc4 dxc4 25. Bb4 Rfe8 26. Bc5 Bf8 27. Bb6 Rc8 28.
Rac1 Rc6 29. a5 Rec8 30. Rfd1 Bb4 31. Rc2 Kg7 32. Kg2 Kf8 33. Kf3 Ke7 34. Ke4 h5
35. gxh6 Rh8 36. Rdc1 Rxh6 37. Rxc4 Rxh4 38. Rxc6 bxc6 39. Rxc6 g5 40. Rc7+ Ke8
41. Rc8+ Kd7 42. Rc7+ Ke8 43. Rc4 Be1 44. Rc8+ Kd7 45. Rc7+ Ke8 46. Rc8+ Kd7 47.
Rc7+ Ke8 48. Bc5 Rxf4+ 49. Ke3 Bxa5 50. Ra7 Rf1 51. b4 Bd8 52. Rxa6 Rb1 53. Kf3
Kd7 54. Ra7+ Kc6 55. Kf2 g4 56. Rxf7 Bh4+ 57. Kg2 Rb2+ 58. Kg1 g3 59. Rg7 Kd5
60. Rg4 Rb1+ 61. Kg2 Rb2+ 62. Kf3 Rf2+ 63. Ke3 g2 64. b5 Rb2 65. Kf3 Rf2+ 66.
Ke3 Rb2 67. Kf3 Rf2+ 68. Ke3 Rb2 69. Kf3 {Game drawn by repetition} 1/2-1/2

[Event "Team 45 45 League T100"]
[Site "Internet Chess Club"]
[Date "2024.06.05"]
[Round "4"]
[White "trombone"]
[Black "MrAbendroth"]
[Result "1-0"]
[WhiteElo "1808"]
[BlackElo "1661"]
[Opening "Sicilian defense"]
[ECO "B32"]
[Time "14:01:29"]
[PlyCount "115"]
[TimeControl "2700+45"]

1. e4 c5 2. Nf3 Nc6 3. d4 cxd4 4. Nxd4 a6 5. Nc3 d6 6. Be3 e5 7. Nf5 g6 8. Ng3
Be6 9. Nd5 Qa5+ 10. c3 Bxd5 11. exd5 Nce7 12. b4 Qc7 13. Qb3 Nf6 14. c4 Bg7 15.
a4 O-O 16. a5 Nd7 17. Rc1 Rac8 18. Be2 f5 19. f4 exf4 20. Bxf4 Ne5 21. O-O b6
22. axb6 Qxb6+ 23. Kh1 Kh8 24. Be3 Qb7 25. Bd4 Rfd8 26. Ra1 Rb8 27. Bc3 h6 28.
h3 Kh7 29. Rfd1 Rf8 30. Bf1 g5 31. Ne2 f4 32. Nd4 Bf6 33. Be2 Qd7 34. Ne6 Rg8
35. Rxa6 Kh8 36. Rda1 Nf5 37. Bg4 Qh7 38. Bxf5 Qxf5 39. Qb1 Qxb1+ 40. Rxb1 g4
41. hxg4 Rxg4 42. Rf1 Rg3 43. Be1 Rg4 44. Rxf4 Rxf4 45. Nxf4 Nxc4 46. Rc6 Ne3
47. Rxd6 Be5 48. Ng6+ Kh7 49. Nxe5 Ra8 50. Rd7+ Kg8 51. Bh4 Ra1+ 52. Kh2 Nf1+
53. Kh3 Ra3+ 54. Nf3 Ne3 55. Bf2 Nc2 56. Bc5 Rb3 57. Kg4 Rd3 58. Kf5 {Black
resigns} 1-0

[Event "Team 45 45 League T100"]
[Site "Internet Chess Club"]
[Date "2024.06.07"]
[Round "4"]
[White "Redman1"]
[Black "jjmolina1"]
[Result "0-1"]
[WhiteElo "1536"]
[BlackElo "1513"]
[Opening "Queen's pawn game"]
[ECO "A46"]
[Time "04:30:12"]
[PlyCount "112"]
[TimeControl "2700+45"]

1. Nf3 Nf6 2. d4 e6 3. g3 d5 4. Bg2 c6 5. O-O Bd6 6. c4 b6 7. Qc2 dxc4 8. Qxc4
Ba6 9. Qc2 Qc8 10. Re1 O-O 11. e4 Bb4 12. Bd2 Bxd2 13. Nbxd2 Rd8 14. e5 Ne8 15.
Ng5 h6 16. Qh7+ Kf8 17. Qh8+ Ke7 18. Nxf7 Kxf7 19. Qh7 Rxd4 20. Nf3 Bd3 21. Qh8
Rd8 22. Rad1 Nf6 23. Qxd8 Qxd8 24. exf6 gxf6 25. Re3 Qc8 26. Rexd3 Ke7 27. Bh3
f5 28. Nd4 c5 29. Bg2 cxd4 30. Bxa8 Na6 31. Bg2 e5 32. f4 Nb4 33. R3d2 e4 34.
Rxd4 Qc5 35. Kf1 Nd3 36. R4xd3 exd3 37. Rxd3 Qc4 38. Ke2 Qxa2 39. Rd2 Qe6+ 40.
Kd1 Kf6 41. Rc2 Qe3 42. Rc6+ Kg7 43. Rc7+ Kf8 44. Ba8 Qg1+ 45. Kc2 Qxh2+ 46. Kb1
Qxg3 47. Rxa7 Qxf4 48. Rb7 Qe3 49. Rh7 b5 50. Bc6 b4 51. Rh8+ Kg7 52. Re8 Qc5
53. Ba4 f4 54. Bb3 f3 55. Rg8+ Kh7 56. Rf8 Qg1+ {White resigns} 0-1

[Event "Team 45 45 League T100"]
[Site "Internet Chess Club"]
[Date "2024.06.10"]
[Round "4"]
[White "ElValero"]
[Black "Portola"]
[Result "1-0"]
[WhiteElo "1669"]
[BlackElo "1665"]
[Opening "Queen's pawn game, Darooha variation "]
[ECO "D02"]
[Time "09:00:19"]
[PlyCount "85"]
[TimeControl "2700+45"]

1. Nf3 d5 2. d4 Nf6 3. g3 Bf5 4. Bg2 e6 5. O-O h6 6. c4 c6 7. Qb3 Qb6 8. c5 Qxb3
9. axb3 Nbd7 10. Nc3 Be7 11. b4 Ne4 12. Bf4 O-O 13. Ne5 Nxe5 14. Bxe5 Nxc3 15.
bxc3 a6 16. f3 Bg5 17. Kf2 Bc2 18. Bd6 Rfe8 19. h4 Bf6 20. f4 Bb3 21. Rfe1 Be7
22. Bxe7 Rxe7 23. h5 Rae8 24. e4 dxe4 25. Bxe4 f5 26. Bd3 Bd5 27. c4 Be4 28.
Bxe4 fxe4 29. Rxe4 Kf7 30. Rae1 Kf6 31. g4 Kf7 32. f5 exf5 33. Rxe7+ Rxe7 34.
Rxe7+ Kxe7 35. d5 fxg4 36. Kg3 cxd5 37. cxd5 Kf6 38. Kxg4 Ke5 39. d6 Ke6 40. Kf4
b6 41. Ke4 bxc5 42. bxc5 a5 43. Kd4 {Black resigns} 1-0

[Event "Team 45 45 League T100"]
[Site "Internet Chess Club"]
[Date "2024.06.10"]
[Round "4"]
[White "julesraider"]
[Black "vollmerj"]
[Result "1/2-1/2"]
[WhiteElo "1601"]
[BlackElo "1522"]
[Opening "King's Indian: orthodox, 7...Nbd7"]
[ECO "E94"]
[Time "21:00:21"]
[PlyCount "90"]
[TimeControl "2700+45"]

1. d4 Nf6 2. c4 g6 3. Nc3 Bg7 4. e4 d6 5. Nf3 O-O 6. Be2 Nbd7 7. O-O e5 8. d5
Nc5 9. Qc2 Nh5 10. Re1 f5 11. Ng5 f4 12. Bxh5 Qxg5 13. Bf3 a6 14. b4 Nd7 15. a4
Nf6 16. c5 Bg4 17. Qe2 Bxf3 18. Qxf3 Rac8 19. Ra3 Rf7 20. Ne2 Qg4 21. Qd3 f3 22.
Qxf3 Qxf3 23. gxf3 Nh5 24. Rc3 Rcf8 25. Kg2 Nf4+ 26. Kg3 Bh6 27. cxd6 Nxe2+ 28.
Rxe2 Bxc1 29. Rxc1 Rxf3+ 30. Kg2 cxd6 31. Rc7 R3f7 32. Rec2 Kg7 33. b5 axb5 34.
axb5 Rxc7 35. Rxc7+ Rf7 36. b6 Kf6 37. f3 Re7 38. Kg3 Kf7 39. Kg4 h6 40. h4 Ke8
41. Rc8+ Kf7 42. Rc7 Ke8 43. Rc8+ Kf7 44. Rh8 Kg7 45. Rc8 Kf7 {Game drawn by
repetition} 1/2-1/2

[Event "Team 45 45 League T100"]
[Site "Internet Chess Club"]
[Date "2024.06.08"]
[Round "4"]
[White "fhunfi"]
[Black "ElValero"]
[Result "1/2-1/2"]
[WhiteElo "1714"]
[BlackElo "1652"]
[Opening "French: Winawer (Nimzovich) variation"]
[ECO "C15"]
[Time "11:01:57"]
[PlyCount "61"]
[TimeControl "2700+45"]

1. e4 e6 2. d4 d5 3. Nc3 Bb4 4. exd5 exd5 5. Qf3 c6 6. Ne2 Nf6 7. h3 h6 8. Bd2
O-O 9. O-O-O b5 10. g4 Nh7 11. Ng3 Ng5 12. Qg2 Qf6 13. f4 Bxc3 14. bxc3 Nh7 15.
Nh5 Qd6 16. g5 g6 17. gxh6 Bf5 18. Bd3 Bxd3 19. cxd3 Qa3+ 20. Kb1 b4 21. cxb4
Qxd3+ 22. Kb2 Nd7 23. f5 Qxf5 24. Ng3 Qd3 25. Bc3 Qb5 26. Ka1 Nb6 27. Qf1 Nc4
28. Qf2 Nb6 29. Qe2 Nc4 30. Qf2 Nb6 31. Qe2 {Game drawn by mutual agreement}
1/2-1/2

[Event "Team 45 45 League T100"]
[Site "Internet Chess Club"]
[Date "2024.06.09"]
[Round "4"]
[White "Salvatore"]
[Black "evan7284"]
[Result "0-1"]
[WhiteElo "1426"]
[BlackElo "1639"]
[Opening "Sicilian: Grand Prix attack"]
[ECO "B23"]
[Time "14:31:05"]
[PlyCount "184"]
[TimeControl "2700+45"]

1. e4 c5 2. Nc3 Nc6 3. f4 d6 4. Nf3 Nf6 5. Bc4 e6 6. O-O Be7 7. a3 O-O 8. Qe1 a6
9. d3 b5 10. Ba2 Qc7 11. Bd2 Bb7 12. Ng5 Nd4 13. Rc1 a5 14. Ne2 Nxe2+ 15. Qxe2
Qd7 16. Rf3 h6 17. Nh3 Kh7 18. Ng5+ Kh8 19. Rh3 Kg8 20. Nf3 Kh7 21. e5 Bxf3 22.
Qxf3 dxe5 23. fxe5 Ng8 24. Qe4+ Kh8 25. c3 c4 26. d4 Qd5 27. Qc2 f5 28. Bb1 Rad8
29. Rf1 Qe4 30. Qd1 Qg4 31. Qe1 Bg5 32. Bc2 Bxd2 33. Qxd2 Ne7 34. Rff3 f4 35.
Bd1 Qg5 36. Qe2 Nd5 37. Qe4 Ne3 38. Rxe3 fxe3 39. Rxe3 Qf4 40. Qxf4 Rxf4 41. Bf3
Rb8 42. g3 Rff8 43. Bg4 Rfe8 44. Bh5 Re7 45. Rf3 Kg8 46. Bg6 Rf8 47. Re3 Rd7 48.
h4 Rb8 49. Be4 b4 50. axb4 axb4 51. Bc6 Rdd8 52. Kg2 Kf8 53. Rf3+ Ke7 54. Re3
bxc3 55. bxc3 Rb3 56. Kh3 Rxd4 57. Rf3 Rd3 58. Rf4 Rbxc3 59. Rg4 Kf8 60. Rf4+
Kg8 61. Rg4 Rd2 62. Rg6 Kf7 63. Rg4 Rcc2 64. Rf4+ Kg8 65. Be4 Rc1 66. Bg6 Rd7
67. h5 c3 68. Rc4 Rd8 69. Rc7 c2 70. Bxc2 Kf8 71. Kg4 Rd2 72. Rc8+ Ke7 73. Rg8
Rdxc2 74. Rxg7+ Kf8 75. Rg6 Rc4+ 76. Kf3 Kf7 77. Rxh6 Re1 78. Rf6+ Ke7 79. Kf2
Rxe5 80. Rh6 Rg5 81. Rh7+ Kd6 82. h6 Rh5 83. Rh8 Rc7 84. g4 Rg5 85. Kg3 Rg6 86.
Kh4 Rc4 87. h7 Rcxg4+ 88. Kh5 R4g5+ 89. Kh4 Rg1 90. Kh5 Rg7 91. Kh6 Rxh7+ 92.
Kxh7 Rh1+ {White resigns} 0-1

[Event "Team 45 45 League T100"]
[Site "Internet Chess Club"]
[Date "2024.06.08"]
[Round "4"]
[White "BIRDSMAN"]
[Black "cayo89"]
[Result "1-0"]
[WhiteElo "1420"]
[BlackElo "1553"]
[Opening "Queen's pawn game"]
[ECO "A54"]
[Time "15:16:33"]
[PlyCount "67"]
[TimeControl "2700+45"]

1. d4 Nf6 2. Nf3 d6 3. c4 Nbd7 4. Nc3 e5 5. d5 Be7 6. e4 O-O 7. Be2 Re8 8. O-O
Bf8 9. Qc2 c6 10. h3 a6 11. a4 c5 12. Ne1 Qe7 13. a5 g6 14. Bg5 h6 15. Be3 Bg7
16. Qd2 Kh7 17. Nd3 Rb8 18. b3 Ng8 19. b4 cxb4 20. Nxb4 f5 21. exf5 gxf5 22. f3
Ndf6 23. Bf2 e4 24. fxe4 Nxe4 25. Nxe4 Bxa1 26. Bh5 Rf8 27. Rxa1 fxe4 28. Bd4
Qg5 29. Qe2 Bf5 30. Be3 Qg3 31. Bf2 Qg7 32. Ra3 Ne7 33. Bg3 Qf7 34. Bxf7 {Black
resigns} 1-0

[Event "Team 45 45 League T100"]
[Site "Internet Chess Club"]
[Date "2024.06.08"]
[Round "4"]
[White "Toalla"]
[Black "BrerRabbit"]
[Result "0-1"]
[WhiteElo "1092"]
[BlackElo "1299"]
[Opening "QGD: 4.Nf3"]
[ECO "D37"]
[Time "15:01:42"]
[PlyCount "38"]
[TimeControl "2700+45"]

1. d4 d5 2. c4 e6 3. Nf3 Nf6 4. Nc3 a6 5. h3 dxc4 6. e4 b5 7. e5 Nd5 8. Nxd5
Qxd5 9. g3 Bb4+ 10. Bd2 Bxd2+ 11. Kxd2 Bb7 12. Bg2 O-O 13. Kc2 Qd7 14. Re1 Nc6
15. Rc1 Nb4+ 16. Kb1 Rad8 17. a3 Nd3 18. Qd2 Nxe1 19. Rxe1 c5 {White resigns}
0-1

[Event "Team 45 45 League T100"]
[Site "Internet Chess Club"]
[Date "2024.06.06"]
[Round "4"]
[White "Rookmaster"]
[Black "Megasus"]
[Result "1-0"]
[WhiteElo "1512"]
[BlackElo "1570"]
[Opening "Queen's pawn: Bronstein gambit"]
[ECO "A45"]
[Time "13:00:19"]
[PlyCount "65"]
[TimeControl "2700+45"]

1. d4 Nf6 2. g4 h6 3. c4 c6 4. g5 hxg5 5. Bxg5 Ne4 6. Bf4 Qa5+ 7. Bd2 Nxd2 8.
Qxd2 Qc7 9. Nf3 f6 10. Nc3 d6 11. e4 Bg4 12. Ng1 Nd7 13. Be2 Bxe2 14. Ngxe2 e5
15. d5 Nc5 16. b4 Na6 17. a3 Rc8 18. f4 Qd7 19. f5 Qf7 20. Ng3 cxd5 21. cxd5 Rc4
22. Na2 g6 23. Qd3 b5 24. Rc1 Qc7 25. Ne2 gxf5 26. exf5 Rhh4 27. Rxc4 bxc4 28.
Qg3 Qh7 29. Rg1 Rxh2 30. Qg6+ Ke7 31. Qxh7+ Rxh7 32. Rg4 Rh4 33. Rxh4 {Black
resigns} 1-0

[Event "Team 45 45 League T100"]
[Site "Internet Chess Club"]
[Date "2024.06.06"]
[Round "4"]
[White "Denis240964"]
[Black "BlueStorm"]
[Result "0-1"]
[WhiteElo "1298"]
[BlackElo "1543"]
[Opening "Nimzovich-Larsen attack: modern variation"]
[ECO "A01"]
[Time "18:00:15"]
[PlyCount "180"]
[TimeControl "2700+45"]

1. b3 e5 2. Bb2 Nc6 3. e3 a6 4. Nf3 d6 5. Nc3 Bf5 6. e4 Bg4 7. Be2 Nf6 8. d3 Be7
9. O-O O-O 10. h3 Bxf3 11. Bxf3 Nd4 12. Be2 Qd7 13. f4 Rae8 14. Nb1 c5 15. c3
Nc6 16. f5 d5 17. g4 h6 18. Bf3 d4 19. c4 Nh7 20. Bc1 Bg5 21. Na3 Nb4 22. Bxg5
Nxg5 23. Bg2 f6 24. h4 Nf7 25. Nc2 Nc6 26. g5 hxg5 27. Qh5 gxh4 28. Kf2 Nh6 29.
Rh1 Qf7 30. Bf3 Qxh5 31. Bxh5 Re7 32. Rag1 Kh8 33. Bg6 Nd8 34. Rxh4 Nf7 35. Rgh1
Kg8 36. Ne1 Nh8 37. Bh5 a5 38. Rg1 a4 39. Bd1 axb3 40. axb3 N8f7 41. Nf3 Ra8 42.
Nh2 Ra2+ 43. Be2 Ng5 44. Nf3 Nxf3 45. Kxf3 Kf8 46. Re1 b6 47. Kg3 Rea7 48. Rh2
Rb2 49. Bd1 Rxh2 50. Kxh2 Ra1 51. Kg3 Nf7 52. Kf2 Nh6 53. Bh5 Rxe1 54. Kxe1 Ke7
55. Kd2 Kd6 56. Kc2 Ng8 57. Kb2 Ne7 58. Ka3 Nc6 59. Ka4 Nb4 60. Be2 Kc6 61. Bf1
Na2 62. Bg2 Nc3+ 63. Ka3 b5 64. Kb2 bxc4 65. bxc4 Kb6 66. Kb3 Ka5 67. Bf1 Nd1
68. Be2 Ne3 69. Bf3 Nf1 70. Be2 Ne3 71. Bf3 Nf1 72. Be2 Ne3 73. Bf3 Kb6 74. Ka4
Nc2 75. Bd1 Nb4 76. Be2 Na2 77. Kb3 Nc1+ 78. Kc2 Nxe2 79. Kd2 Nf4 80. Kc2 Ka5
81. Kd2 Ka4 82. Kc2 Kb4 83. Kd2 Kb3 84. Kc1 Nxd3+ 85. Kd2 Kxc4 86. Ke2 Nf4+ 87.
Kd2 d3 88. Ke3 Kc3 89. Kf2 Kc2 90. Ke3 d2 {White resigns} 0-1

[Event "Team 45 45 League T100"]
[Site "Internet Chess Club"]
[Date "2024.06.07"]
[Round "4"]
[White "trogers41"]
[Black "smsxman"]
[Result "0-1"]
[WhiteElo "1406"]
[BlackElo "1357"]
[Opening "Pirc: classical system, 5.Be2"]
[ECO "B06"]
[Time "14:00:04"]
[PlyCount "64"]
[TimeControl "2700+45"]

1. e4 g6 2. d4 d6 3. Nf3 Bg7 4. Be2 Nf6 5. Nc3 a6 6. O-O O-O 7. h3 b5 8. b4 Bb7
9. d5 c6 10. Rb1 cxd5 11. exd5 Nbd7 12. Be3 Nb6 13. Bxb6 Qxb6 14. Qd2 Rac8 15.
Rfd1 Nh5 16. Ne4 e6 17. g4 Nf6 18. Nxf6+ Bxf6 19. dxe6 fxe6 20. Qxd6 Qxd6 21.
Rxd6 Rxc2 22. Bd1 Rxa2 23. Rxe6 Bd5 24. Rd6 Bc4 25. Nd2 Bh4 26. Nxc4 bxc4 27.
Rc6 Raxf2 28. Ba4 Ra2 29. Bd1 Rf4 30. Rc7 Bf2+ 31. Kh1 Bg3 32. Rxc4 Rf1# {White
checkmated} 0-1